 Dungeon Crawl Stone Soup version 0.25-a0-167-g836c352ace (webtiles) character file.

Game seed: 2730910910456004933, levelgen mode: deterministic

611 DavidChitty2 the Conjurer (level 7, 0/36 HPs)
             Began as a Deep Elf Conjurer on Nov 25, 2019.
             Was an Initiate of Sif Muna.
             Slain by a sky beast (4 damage)
             ... on level 5 of the Dungeon.
             The game lasted 00:09:16 (5121 turns).

DavidChitty2 the Conjurer (Deep Elf Conjurer)       Turns: 5121, Time: 00:09:17

Health: 0/36       AC:  4    Str:  5    XL:     7   Next: 20%
Magic:  10/17      EV: 15    Int: 22    God:    Sif Muna [......]
Gold:   326        SH:  0    Dex: 15    Spells: 10/17 levels left

rFire    . . .     SeeInvis .   a - +0 dagger
rCold    . . .     Gourm    .   (no shield)
rNeg     . . .     Faith    .   i - +1 robe
rPois    .         Spirit   .   j - +0 helmet
rElec    .         Reflect  .   (no cloak)
rCorr    .         Harm     .   (no gloves)
MR       .....                  (no boots)
Stlth    ++........             (no amulet)
HPRegen  0.12/turn              v - +3 ring of slaying
MPRegen  0.15/turn              (no ring)

@: no status effects
A: no striking features
a: Renounce Religion


You were on level 5 of the Dungeon.
You worshipped Sif Muna.
Sif Muna was noncommittal.
You were not hungry.

You visited 1 branch of the dungeon, and saw 5 of its levels.

You collected 326 gold pieces.

Inventory:

Hand Weapons
 a - a +0 dagger (weapon)
   (You took it off a kobold on level 2 of the Dungeon)
Missiles
 b - 95 stones (quivered)
 n - 40 sling bullets
 o - 2 throwing nets {!f}
Armour
 i - a +1 robe (worn)
 j - a +0 helmet (worn)
   (You found it on level 4 of the Dungeon)
Jewellery
 l - an uncursed ring of fire
   (You found it on level 2 of the Dungeon)
 m - an uncursed amulet of harm {unknown}
   (You found it on level 3 of the Dungeon)
 v - a +3 ring of slaying (left hand)
   (You found it on level 4 of the Dungeon)
Wands
 d - a wand of iceblast (6)
   (You found it on level 2 of the Dungeon)
Scrolls
 c - 2 scrolls of amnesia
 h - a scroll of enchant armour
 k - 2 scrolls of remove curse {@r2}
 s - a scroll of random uselessness {unknown}
 u - a scroll of identify {unknown}
Potions
 f - a potion of curing {@q1}
 g - a potion of brilliance {unknown}
 p - a potion of degeneration {unknown}
 q - a potion of might
 t - a potion of flight {unknown}
Comestibles
 e - 8 rations {!d}


   Skills:
 + Level 4.9 Dodging
 - Level 2.4 Stealth
 + Level 5.5 Spellcasting
 * Level 7.2 Conjurations
 + Level 2.6 Invocations


You had 10 spell levels left.
You knew the following spells:

 Your Spells              Type           Power        Failure   Level  Hunger
a - Magic Dart            Conj           ####         1%          1    None
s - Searing Ray           Conj           #####.       1%          2    None
x - Iskenderun's Mystic   Conj           #####...     4%          4    ####...

Your spell library contained the following spells:

 Spells                   Type           Power        Failure   Level  Hunger
 Dazzling Spray           Conj/Hex       ###...       6%          3    ##.....
 Force Lance              Conj/Tloc      ###.....     22%         4    ####...
 Fulminant Prism          Conj/Hex       ###.......   22%         4    ####...


Dungeon Overview and Level Annotations

Branches:
Dungeon (5/15)
 Temple: D:4-7

Altars:
Qazlal
Sif Muna
Trog
Zin
The Shining One


Message History

Aim: a gnoll (severely wounded)
The magic dart hits the gnoll.
The gnoll hits you.
You hit the gnoll but do no damage. The gnoll closely misses you.
You hit the gnoll but do no damage. The gnoll misses you.
You hit the gnoll. The gnoll hits you.
Aim: a gnoll (almost dead)
The magic dart hits the gnoll.
You kill the gnoll!
Sif Muna accepts your kill.
A sky beast comes into view.
The sky beast flickers out of sight!
Deactivating autopickup; reactivate with Ctrl-A.
You climb upwards.
Reactivating autopickup.
There is a stone staircase leading down here.
You start resting.
You are starving!
You eat one of the 9 rations {!d}.
That ration really hit the spot!
You start resting.
You start resting.
There is a stone staircase leading down here.
You climb downwards.
There is a stone staircase leading up, spattered with blood here.
Aim: a sky beast The magic dart hits the sky beast.
Aim: a sky beast (lightly wounded)
The magic dart hits the sky beast.
Aim: a sky beast (moderately wounded)
The magic dart hits the sky beast.
The sky beast closely misses you.
Aim: a sky beast (heavily wounded)
The magic dart hits the sky beast.
The sky beast hits you. The sky beast shocks you.
Aim: a sky beast (severely wounded)
The magic dart hits the sky beast.
The sky beast hits you. The sky beast shocks you.
Aim: a sky beast (severely wounded)
The magic dart hits the sky beast.
The sky beast flickers out of sight!
Deactivating autopickup; reactivate with Ctrl-A.
Something hits you.
* * * LOW HITPOINT WARNING * * *
Something shocks you.
* * * LOW HITPOINT WARNING * * *
The magic dart hits something.
Something hits you.
* * * LOW HITPOINT WARNING * * *
Something shocks you.
* * * LOW HITPOINT WARNING * * *
The magic dart hits something but does no damage.
Something hits you.
You die...

....#.....#
.........#.....# #.
.............. ...
.####............##....
....#..................
....................(..
#..............<.......
.......................
#......@(.....)........
#.....{........#......#
..........##..# #......
....)..##.##### .##...
....### .# .. ... ....
.. ..# .. ... ## ..


There were no monsters in sight!

Vanquished Creatures
  An ogre (D:4)
  A centaur (D:5)
  A scorpion (D:4)
  A bullfrog zombie (D:5)
  2 orc priests (D:4)
  2 hounds
  Jessica (D:2)
  2 orc wizards (D:4)
  7 gnolls
  4 adders
  2 adder skeletons
  A worm (D:2)
  5 dart slugs
  An orc (D:3)
  A ball python (D:2)
  6 bats (D:1)
  9 goblins
  4 hobgoblins
  3 jackals (D:3)
  4 kobolds
  4 frilled lizards
  3 rats (D:2)
65 creatures vanquished.

Vanquished Creatures (others)
  4 toadstools (D:1)
4 creatures vanquished.

Grand Total: 69 creatures vanquished

Notes
Turn   | Place    | Note
-------+----------+-------------------------------------------
     0 | D:1      | DavidChitty2 the Deep Elf Conjurer began the quest for the
                  | Orb.
     0 | D:1      | Reached XP level 1. HP: 10/10 MP: 6/6
   317 | D:1      | Reached XP level 2. HP: 15/15 MP: 4/8
   355 | D:1      | Learned a level 2 spell: Searing Ray
   755 | D:1      | Reached skill level 5 in Conjurations
   836 | D:1      | Reached XP level 3. HP: 19/19 MP: 8/10
  1176 | D:2      | Noticed Jessica
  1180 | D:2      | Killed Jessica
  1180 | D:2      | Reached XP level 4. HP: 24/24 MP: 6/11
  1223 | D:2      | Learned a level 4 spell: Iskenderun's Mystic Blast
  1749 | D:2      | Found a shimmering blue altar of Sif Muna.
  1872 | D:2      | Became a worshipper of Sif Muna the Loreminder
  1889 | D:2      | Found a stormy altar of Qazlal.
  1952 | D:2      | Found a glowing golden altar of the Shining One.
  2197 | D:3      | Reached XP level 5. HP: 28/28 MP: 9/13
  3441 | D:4      | Reached skill level 6 in Conjurations
  3709 | D:4      | Noticed an ogre
  3720 | D:4      | Killed an ogre
  3720 | D:4      | Reached skill level 1 in Invocations
  3720 | D:4      | Reached XP level 6. HP: 32/32 MP: 0/15
  3965 | D:4      | Found a bloodstained altar of Trog.
  3982 | D:4      | Reached skill level 5 in Spellcasting
  4463 | D:4      | Found a glowing silver altar of Zin.
  4664 | D:5      | Entered Level 5 of the Dungeon
  4867 | D:5      | Reached skill level 7 in Conjurations
  4867 | D:5      | Reached XP level 7. HP: 36/36 MP: 12/17
  5121 | D:5      | Slain by a sky beast

Levels and vault maps discovered:
D:1:      ldierk_walled_garden_2, layout_basic, minivault_27
D:2:      layout_loops_ring, led_sif_pool, tso_altar, lemuel_crystal_altar,
          uniq_jessica
D:3:      layout_basic
D:4:      layout_cave_pools, nicolae_overflow_hidden_temple,
          kennysheep_mini_moat, first_ration
D:5:      layout_cave_pools

Skill      XL: |  1  2  3  4  5  6 |
---------------+-------------------+-----
Dodging        | 3 4 |  4.9
Conjurations   | 5 6 7 |  7.2
Spellcasting   | 4 5 |  5.5
Invocations    | 1 2 |  2.6
Stealth        | |  2.4

Action                   |  1- 3 |  4- 6 |  7- 9 || total
-------------------------+-------+-------+-------++-------
Melee: Dagger            |       |       |     3 ||     3
 Cast: Magic Dart        |    54 |   111 |    12 ||   177
       Iskenderun's Myst |       |    15 |     4 ||    19
  Use: Scroll            |       |     4 |       ||     4
       Potion            |       |     2 |       ||     2
  Eat: Chunk             |     1 |     9 |       ||    10
       Ration            |       |     1 |     1 ||     2
Armor: Robe              |       |     2 |       ||     2
Dodge: Dodged            |     7 |    21 |     8 ||    36

Table legend:
 A = Non-vault XP
 B = Vault XP
 C = Vault XP percentage of total XP
 D = Non-vault monster count
 E = Vault monster count
 F = Vault count percentage of total count
                 A         B        C        D         E       F
            +---------+---------+-------+---------+---------+-------
      Total |     836 |      37 |   4.2 |      64 |       1 |   1.5
            +---------+---------+-------+---------+---------+-------
        D:1 |      41 |       0 |   0.0 |      19 |       0 |   0.0
        D:2 |     111 |      37 |  25.0 |      19 |       1 |   5.0
        D:3 |      14 |       0 |   0.0 |       7 |       0 |   0.0
        D:4 |     441 |       0 |   0.0 |      14 |       0 |   0.0
        D:5 |     229 |       0 |   0.0 |       5 |       0 |   0.0
            +---------+---------+-------+---------+---------+-------
